 Dungeon Crawl Stone Soup version 0.30-b1-2-g02819fbbbe (webtiles) character file.

Game seed: 6651299317931989783

7 Alarkh the Vexing (level 1, 0/15 HPs)
             Began as a Demonspawn Hexslinger on July 9, 2023.
             Slain by an endoplasm (3 damage)
             ... on level 1 of the Dungeon.
             The game lasted 00:00:41 (97 turns).

Alarkh the Vexing (Demonspawn Hexslinger)             Turns: 97, Time: 00:00:42

Health: 0/15       AC:  2    Str: 10    XL:     1   Next: 83%
Magic:  2/2        EV: 12    Int: 14    God:
Gold:   0          SH:  0    Dex: 13    Spells: 1/2 levels left

rFire   . . .        a - +1 sling
rCold   . . .        (no shield)
rNeg    . . .        c - +0 robe
rPois   .            (no helmet)
rElec   .            (no cloak)
rCorr   .            (no gloves)
SInv    .            (no boots)
Will    .....        (no amulet)
Stlth   +            (no ring)
HPRegen 0.22/turn    (no ring)
MPRegen 0.08/turn

%: no passive effects
@: no status effects
A: no striking features
a: no special abilities


You were on level 1 of the Dungeon.
You visited 1 branch of the dungeon, and saw 1 of its levels.

Inventory:

Hand Weapons
 a - a +1 sling (weapon)
Armour
 c - a +0 robe (worn)
Scrolls
 b - a scroll of poison


   Skills:
 + Level 1.3 Fighting
 * Level 2.2 Ranged Weapons
 - Level 1.7 Dodging
 - Level 1.0 Spellcasting
 - Level 3.0 Hexes


You had one spell level left.
You knew the following spells:

 Your Spells              Type           Power      Damage    Failure   Level
a - Slow                  Hex            36%        N/A       8%          1

Your spell library contained the following spells:

 Spells                   Type           Power      Damage    Failure   Level
 Inner Flame              Hex/Fire       4%         N/A       38%         3
 Portal Projectile        Hex/Tloc       8%         N/A       38%         3
 Cause Fear               Hex            4%         N/A       58%         4


Dungeon Overview and Level Annotations

Branches:
Dungeon (1/15)

Altars:


Message History

No target in view!
A kobold comes into view. It is wielding a +0 short sword.
The kobold shouts!
A hobgoblin comes into view.
The kobold moves out of view.
A hobgoblin is nearby!
You shoot a sling bullet.
The sling bullet closely misses the hobgoblin.
The hobgoblin shouts!
You hear a shout!
You shoot a sling bullet. The sling bullet hits the hobgoblin.
You kill the hobgoblin!
An endoplasm comes into view.
The kobold throws a stone.
The stone completely misses you.
A quokka comes into view.
You shoot a sling bullet.
The sling bullet barely misses the kobold.
You shoot a sling bullet. The sling bullet hits the kobold!
You kill the kobold!
You shoot a sling bullet.
The sling bullet closely misses the quokka.
You shoot a sling bullet.
The sling bullet closely misses the quokka.
The quokka barely misses you.
You shoot a sling bullet.
The sling bullet closely misses the quokka.
The quokka barely misses you.
You shoot a sling bullet.
The sling bullet barely misses the quokka.
The quokka bites you. The endoplasm hits you. The quokka bites you.
You are too injured to fight recklessly!
The quokka attacks as you move away! The quokka bites you.
* * * LOW HITPOINT WARNING * * *
The endoplasm attacks as you move away! The endoplasm misses you.
You aren't carrying any potions.
You shoot a sling bullet.
The sling bullet barely misses the endoplasm.
The endoplasm hits you.
* * * LOW HITPOINT WARNING * * *
The endoplasm hits you.
You die...

#.#. .#.# ## .#. .....
.. .. .... #. #. .)..##
#..#.###.#....
#..........### .... ..
#r........
....####+###..
#J##.#####
.#.............#@######
.#.........##..#......#
...........##..#..###.#
#.........##..#......#
.#.......).##..#......#
.###.......##.....#####
.#.....#.####.....####
.#.###.#.######......#
.# #†#......)......#


You could see an endoplasm and a quokka.

Vanquished Creatures
  2 bats (D:1)
  A goblin (D:1)
  A hobgoblin (D:1)
  A frilled lizard (D:1)
  A kobold (D:1)
6 creatures vanquished.

Notes
Turn   | Place    | Note
-------+----------+-------------------------------------------
     0 | D:1      | Alarkh the Demonspawn Hexslinger began the quest for the
                  | Orb.
     0 | D:1      | Reached XP level 1. HP: 15/15 MP: 2/2
    97 | D:1      | Slain by an endoplasm

Illustrated notes

Levels and vault maps discovered:
D:1:      ncdulo_lavacross, layout_basic, dilly_ecumenical_altar_fadedgnrine,
          minmay_tromino_mix6

Skill      XL: |  1 |
---------------+----+-----
Ranged Weapons | 2 |  2.2
Fighting       | |  1.3
Dodging        | |  1.7
Spellcasting   | |  1.0
Hexes          | |  3.0

Action                     || total
---------------------------++-------
   Fire: Sling             ||    27
 Armour: Robe              ||     3
  Dodge: Dodged            ||     9
